 Dungeon Crawl Stone Soup version 0.29.0-11-gd7f09526c8 (webtiles) character file.

Game seed: 7842567992156618224

4 mdonais the Firebug (level 1, 0/16 HPs)
             Began as an Octopode Cinder Acolyte on Sept 6, 2022.
             Was a High Priest of Ignis.
             Slain by a kobold
             ... wielding a +0 short sword
              (2 damage)
             ... on level 1 of the Dungeon.
             The game lasted 00:00:44 (214 turns).

mdonais the Firebug (Octopode Cinder Acolyte)        Turns: 214, Time: 00:00:45

Health: 0/16       AC:  1    Str: 13    XL:     1   Next: 70%
Magic:  2/2        EV: 12    Int: 16    God:    Ignis [*****.]
Gold:   5          SH:  0    Dex:  7    Spells: 2/2 levels left

rFire   + . .      SeeInvis .   a - -1 falchion (flame)
rCold   . . .      Faith    .   (no shield)
rNeg    . . .      Spirit   .   (helmet restricted)
rPois   .          Reflect  .   (no amulet)
rElec   .          Harm     .   (no ring)
rCorr   .          Rampage  .   (no ring)
Will    .....                   (no ring)
Stlth   ++........              (no ring)
HPRegen 0.05/turn               (no ring)
MPRegen 0.08/turn               (no ring)
                                (no ring)
                                (no ring)

@: no status effects
A: almost no armour, amphibious, 8 rings, camouflage 1, gelatinous body 1,
(nimble swimmer 1), tentacles
a: Renounce Religion, Fiery Armour, Foxfire Swarm, Rising Flame


You were on level 1 of the Dungeon.
You worshipped Ignis.
Ignis was extremely pleased with you.
You visited 1 branch of the dungeon, and saw 1 of its levels.

You collected 5 gold pieces.

Inventory:

Hand Weapons
 a - a -1 falchion of flaming (weapon)
Jewellery
 c - a +6 ring of intelligence
   (You found it on level 1 of the Dungeon)
Scrolls
 d - a scroll of silence {unknown}
 e - a scroll of butterflies {unknown}
 f - a scroll of teleportation {unknown}
Potions
 b - a potion of ambrosia {unknown}


   Skills:
 - Level 3.0 Fighting
 - Level 3.0 Long Blades
 + Level 1.9 Stealth
 - Level 1.0 Spellcasting
 - Level 3.0 Fire Magic


You had 2 spell levels left.
You didn't know any spells.
Your spell library contained the following spells:

 Spells                   Type           Power      Damage    Failure   Level
 Scorch                   Fire           20%        2d6       10%         2


Dungeon Overview and Level Annotations

Branches:
Dungeon (1/15) Zot: 5783

Altars:


Innate Abilities, Weirdness & Mutations

You cannot wear most types of armour.
You are amphibious.
You can wear up to eight rings at the same time.
Your skin changes colour to match your surroundings (Stealth+).
Your rubbery body absorbs attacks. (AC +1, EV +1)
((You are camouflaged when in or above water. (Stealth+)))
You have tentacles for arms and can constrict up to eight enemies at once.


Message History

Welcome, mdonais the Octopode Cinder Acolyte.
Will you prevail where others failed? Will you find the Orb of Zot?
The flames of Ignis gently warm you.
Press ? for a list of commands and other information.
You now have 5 gold pieces.
Found a spear.
You see here a +0 spear.
b - an inky potion
c - a +6 ring of intelligence
d - a scroll labelled VUKLO BESAESM 2 jackals come into view.
The jackal barks!
You closely miss the jackal. Your grab misses the jackal.
Your squeeze misses the jackal. The jackal barely misses you.
The jackal bites you.
You take 1 damage, and have 15/16 hp.
You miss the jackal. Your grab misses the jackal.
The jackal closely misses you.
You barely miss the jackal. You grab the jackal. You squeeze the jackal.
You kill the jackal!
The jackal closely misses you.
You closely miss the jackal. Your grab misses the jackal.
Your squeeze misses the jackal.
The jackal bites you but does no damage.
The jackal bites you.
You take 1 damage, and have 14/16 hp.
You hit the jackal but do no damage. You grab the jackal.
You squeeze the jackal.
You kill the jackal!
Your Stealth skill increases to level 1!
No target in view!
HP restored.
You see here a jackal corpse.
e - a scroll labelled QOTAGG GASACS Health restored: 16 A kobold comes into view.
It is wielding a +0 short sword.
Found 8 gold pieces.
You see here a scroll labelled POTRUSTRURCH.
f - a scroll labelled POTRUSTRURCH The kobold shouts!
You hear an angry hiss.
You hear a shout! x2
An endoplasm comes into view.
You hear an angry hiss.
Found a leather armour.
The endoplasm quivers.
A rat comes into view.
The kobold hits you with a +0 short sword.
You take 3 damage, and have 13/16 hp.
You barely miss the endoplasm.
The kobold hits you with a +0 short sword.
The endoplasm closely misses you. The endoplasm barely misses you.
The kobold misses you.
You take 2 damage, and have 11/16 hp.
You hit the endoplasm but do no damage. You squeeze the endoplasm.
The endoplasm is lightly wounded.
A hobgoblin comes into view.
The endoplasm hits you. The kobold barely misses you.
You take 2 damage, and have 9/16 hp.
You hit the endoplasm. You burn the endoplasm.
You kill the endoplasm!
The kobold hits you but does no damage.
You hit the rat. You burn the rat.
You kill the rat!
A quokka comes into view.
The kobold hits you with a +0 short sword.
* * * LOW HITPOINT WARNING * * *
You take 5 damage, and have 4/16 hp.
MASSIVE DAMAGE!!
You hit the kobold but do no damage. Your grab misses the kobold.
The hobgoblin hits you.
* * * LOW HITPOINT WARNING * * *
The kobold hits you with a +0 short sword.
You die...

......# ##
......#### $#
.......... ..#
......### ###..# ##
......# #... [
......#######.####.#
#####......r.....#.#
########...#.g.#
##...@K.#
#####....... ....###
###.... ###


You could see a quokka, a hobgoblin and a kobold.

Vanquished Creatures
  An endoplasm (D:1)
  2 jackals (D:1)
  A rat (D:1)
4 creatures vanquished.

Notes
Turn   | Place    | Note
-------+----------+-------------------------------------------
     0 | D:1      | mdonais the Octopode Cinder Acolyte began the quest for the
                  | Orb.
     0 | D:1      | Reached XP level 1. HP: 16/16 MP: 2/2
   133 | D:1      | Reached skill level 1 in Stealth
   214 | D:1      | Slain by a kobold

Illustrated notes

Levels and vault maps discovered:
D:1:      matt_arrival_spirals, layout_loops_ring,
          shapermc_ecumenical_altar_mp_highgroup, minmay_pentomino_q4

Skill      XL: |  1 |
---------------+----+-----
Stealth        | 1 |  1.9
Fighting       | |  3.0
Long Blades    | |  3.0
Spellcasting   | |  1.0
Fire Magic     | |  3.0

Action                   || total
-------------------------++-------
Melee: Falchion          ||    10
       Tentacles         ||     3
       Constrict         ||     2
Armor: Skin              ||     2
Dodge: Dodged            ||     7
